 Dungeon Crawl Stone Soup version 0.10.4 character file.

135 Ebbett the Grasshopper (level 2, -3/25 HPs)
             Began as a Deep Dwarf Warper on July 20, 2019.
             Slain by Sigmund
             ... wielding a +0,+0 scythe
              (5 damage)
             ... on Level 2 of the Dungeon on July 23, 2019.
             The game lasted 00:02:15 (1058 turns).

Ebbett the Grasshopper (Deep Dwarf Warper)          Turns: 1058, Time: 00:02:16

HP  -3/25        AC  3     Str 14      XL: 2   Next: 80%
MP   2/2         EV 12     Int 13      God:
Gold 113         SH  0     Dex 12      Spells:  1 memorised,  3 levels left

Res.Fire  : . . .   See Invis. : .   a - +0 dwarf mace
Res.Cold  : . . .   Warding    : . . b - +0 leather armour
Life Prot.: . . .   Conserve   : .   (no shield)
Res.Acid. : . . .   Res.Corr.  : .   (no helmet)
Res.Poison: .       Clarity    : .   (no cloak)
Res.Elec. : .       Spirit.Shd : .   (no gloves)
Sust.Abil.: . .     Stasis     : .   (no boots)
Res.Mut.  : .       Ctrl.Telep.: .   (no amulet)
Res.Rott. : .       Levitation : .   (no ring)
Saprovore : . . .   Ctrl.Flight: .   (no ring)

@: non-regenerating, slightly resistant to hostile enchantments, unstealthy
A: damage resistance, recharge devices, sense surroundings 1, slow healing 3
a: Device Recharging


You were on level 2 of the Dungeon.
You were not hungry.

You visited 1 branch of the dungeon, and saw 2 of its levels.

You collected 63 gold pieces.

Inventory:

Hand weapons
 a - a +0,+0 dwarven mace (weapon)
Missiles
 e - 20 +1 darts (quivered)
 f - 10 +0 darts of dispersal
Armour
 b - a +0 leather armour (worn)
 j - a +0 pair of gloves
Magical devices
 g - a wand of heal wounds (5)
Comestibles
 h - a bread ration
 p - 12 grapes
Scrolls
 d - 2 scrolls of blinking
 i - 3 scrolls of remove curse {unknown}
 k - a scroll of random uselessness {unknown}
 l - a scroll of magic mapping {unknown}
 o - a scroll of curse weapon {unknown}
 q - a scroll of identify {unknown}
 r - a scroll of enchant weapon I {unknown}
 s - a scroll of curse armour {unknown}
Potions
 m - a potion of slowing {unknown}
 n - a potion of speed {unknown}
Books
 c - a book of Spatial Translocations

   Spells                             Type                      Level
   *Apportation                       Translocation                1
   Portal Projectile                  Translocation                2
   Blink                              Translocation                2
   Shroud of Golubria                 Charms/Translocation         2
   Teleport Other                     Translocation                3
   Passage of Golubria                Translocation                4
   Control Teleport                   Charms/Translocation         4


   Skills:
 + Level 2.0 Fighting
 + Level 2.0 Maces & Flails
 + Level 1.0 Throwing
 + Level 1.3 Armour
 + Level 2.9 Dodging
 + Level 0.8 Stealth
 + Level 0.2 Traps & Doors
 + Level 1.9 Spellcasting
 + Level 3.7 Translocations


You had 3 spell levels left.
You knew the following spells:

 Your Spells              Type           Power        Failure   Level  Hunger
a - Apportation           Tloc           ###.......   10%         1    Strawberry

Dungeon Overview and Level Annotations

Branches:
Dungeon (2/27)

Altars:

Annotations
D:2 Sigmund


Innate Abilities, Weirdness & Mutations

You are resistant to damage.
You can recharge devices by infusing magical energy.
You passively map a small area around you.
You do not heal naturally.


Message History

There are monsters nearby!
Sigmund barely misses you. Sigmund barely misses you.
Found a brown potion.
You hit Sigmund.
Sigmund is lightly wounded.
Sigmund closely misses you.
You thump Sigmund!
Sigmund is moderately wounded.
Sigmund hits you with a scythe!
* * * LOW HITPOINT WARNING * * *
You hit Sigmund.
Sigmund is moderately wounded.
Sigmund hits you with a scythe.
You sock Sigmund!
Sigmund is severely wounded.
You barely miss Sigmund.
Sigmund is severely wounded.
Sigmund hits you with a scythe!
You die...

........................
......##.........#..####
##..#.*#.#######.#...###
#..#.*#.# #.#..... .,#
,..#######.###.# *
##.......#...?.#
..............## * ,
,............!..#
......S@@......#
...............# ,
!.....#.......# + ,
......#.......#
.....,#.......# * ,....
#.......# .. ,........ *
. ....... .... , **


You could see Sigmund and an adder.

Vanquished Creatures
  2 giant geckos (D:1)
  An ooze (D:1)
  5 bats (D:1)
  A giant cockroach (D:1)
  4 hobgoblins (D:1)
  2 kobolds (D:1)
  2 rats (D:1)
17 creatures vanquished.

Vanquished Creatures (others)
  2 toadstools (D:1)
2 creatures vanquished.

Grand Total: 19 creatures vanquished

Notes
Turn   | Place    | Note
--------------------------------------------------------------
     0 | D:1      | Ebbett, the Deep Dwarf Warper, began the quest for the Orb.
     0 | D:1      | Reached XP level 1. HP: 18/18 MP: 1/1
   219 | D:1      | Reached skill level 1 in Throwing
   322 | D:1      | Reached XP level 2. HP: 11/25 MP: 2/2
  1048 | D:2      | Noticed Sigmund
  1058 | D:2      | Slain by Sigmund
